 Dungeon Crawl Stone Soup version 0.19-a0-892-g8a19e52 (webtiles) character file.

579 Television the Cleaver (level 7, -2/64 HPs)
             Began as a Hill Orc Fighter on July 4, 2016.
             Was a Follower of Makhleb.
             Slain by an orc (3 damage)
             ... on level 6 of the Dungeon.
             The game lasted 00:07:56 (1286 turns).

Television the Cleaver (Hill Orc Fighter)           Turns: 1286, Time: 00:07:57

Health: -2/64      AC:  6    Str: 18 (21) XL:     7   Next: 36%
Magic:  7/7        EV:  7    Int:  7 (8)  God:    Makhleb [*.....]
Gold:   44         SH:  8    Dex:  7 (10) Spells: 0 memorised, 6 levels left

rFire  . . .     SeeInvis .     a - +0 war axe
rCold  . . .     Gourm    .     b - +0 scale mail
rNeg   . . .     Faith    .     c - +0 shield
rPois  +         Spirit   .     (no helmet)
rElec  .         Dismiss  .     (no cloak)
rCorr  .         Reflect  .     (no gloves)
SustAt .         Harm     .     (no boots)
MR     .....                    (no amulet)
Stlth  ..........               (no ring)
                                k - ring of poison resistance

@: not resistant to hostile enchantments, extremely unstealthy
A: talons 1, deterioration 1
a: Renounce Religion, Convert to Beogh


You were on level 6 of the Dungeon.
You worshipped Makhleb.
Makhleb was aware of your devotion.
You were near starving.

You visited 1 branch of the dungeon, and saw 6 of its levels.

You collected 160 gold pieces.
You spent 116 gold pieces at shops.

Inventory:

Hand Weapons
 a - a +0 war axe (weapon)
 j - a +1 dagger of venom
Missiles
 p - 2 steel javelins (quivered)
 r - 8 javelins of penetration
Armour
 b - a +0 scale mail (worn)
 c - a +0 shield (worn)
Jewellery
 k - a ring of poison resistance (left hand)
Wands
 s - a wand of flame (20/48)
Scrolls
 e - a scroll of random uselessness {unknown}
 g - a scroll of enchant weapon {unknown}
 h - a scroll of recharging {unknown}
 i - a scroll of teleportation {unknown}
 l - a scroll of identify
 m - 3 scrolls of remove curse
 v - a scroll of holy word {unknown}
 y - a scroll of noise {unknown}
Potions
 d - a potion of might
 o - a potion of heal wounds {unknown}
 q - a potion of invisibility {unknown}
 t - a potion of flight {unknown}
 u - a potion of haste {unknown}
 z - a potion of magic {unknown}
Comestibles
 f - 3 bread rations
 x - a meat ration


   Skills:
 + Level 6.5 Fighting
 * Level 8.5 Axes
 - Level 3.2 Armour
 - Level 3.2 Shields


You had 6 spell levels left.
You didn't know any spells.

Dungeon Overview and Level Annotations

Branches:
Dungeon (6/15)
 Temple: D:4-7

Altars:
Ashenzari
Makhleb
Ru
Trog

Shops:
D:5 *

Annotations:
D:6 Prince Ribbit


Innate Abilities, Weirdness & Mutations

You have sharp toenails.
Your body sometimes deteriorates upon taking damage.


Message History

The orc priest hits you but does no damage.
Unknown command.
Unknown command.
You slash the orc priest!
You kill the orc priest!
Makhleb accepts your kill.
You feel your intelligence returning.
You hit the orc priest.
The orc priest shouts, "Join the one true god or die!"
You slash the orc!
You kill the orc!
Makhleb accepts your kill.
You hit the orc but do no damage.
You are near starving!
You block the orc's attack.
The orc priest mumbles some strange prayers to Beogh against you.
Beogh smites you!
* * * LOW HITPOINT WARNING * * *
The orc hits you.
You die...

..... ##.....
....... .......
...P...
##Z._....
##)oP.P...
#o@.....'#
#######.†...##.#
#............#
#..........#.#
#..........# #
#.........##
#.........#
#.........#
#.........#


You could see an orc priest, an orc and a hound zombie.

Vanquished Creatures
  2 black bears (D:6)
  An ice beast (D:6)
  An ogre (D:3)
  2 orc priests
  Jessica (D:3)
  An orc wizard (D:6)
  A hound skeleton (D:5)
  2 adders
  3 gnolls (D:5)
  A worm (D:5)
  2 dart slugs (D:1)
  A giant gecko (D:5)
  6 orcs
  A giant cockroach (D:2)
  2 goblins
  A hobgoblin (D:3)
  10 jackals
  A giant newt (D:1)
  4 kobolds
  A quokka skeleton (D:5)
  3 rats
47 creatures vanquished.

Notes
Turn   | Place    | Note
-------+----------+-------------------------------------------
     0 | D:1      | Television the Hill Orc Fighter began the quest for the Orb.
     0 | D:1      | Reached XP level 1. HP: 19/19 MP: 1/1
    14 | D:1      | Reached skill level 3 in Axes
   122 | D:2      | Reached XP level 2. HP: 21/27 MP: 2/2
   171 | D:1      | Reached skill level 4 in Axes
   174 | D:1      | Reached XP level 3. HP: 26/33 MP: 3/3
   253 | D:2      | Found a burning altar of Makhleb.
   253 | D:2      | Noticed a balrug
   257 | D:2      | Noticed a smoke demon
   257 | D:2      | Noticed a ynoxinul
   259 | D:2      | Became a worshipper of Makhleb the Destroyer
   359 | D:3      | Reached XP level 4. HP: 25/41 MP: 4/4
   380 | D:3      | Noticed Jessica
   386 | D:3      | Killed Jessica
   386 | D:3      | Reached skill level 5 in Axes
   461 | D:3      | Noticed an ogre
   465 | D:3      | Killed an ogre
   465 | D:3      | Reached skill level 5 in Fighting
   465 | D:3      | Reached skill level 6 in Axes
   465 | D:3      | Reached XP level 5. HP: 27/48 MP: 5/5
   570 | D:3      | Reached * piety under Makhleb
   613 | D:3      | Found a sacrificial altar of Ru.
   766 | D:5      | Entered Level 5 of the Dungeon
   793 | D:5      | Found Muosat's Assorted Antiques.
   810 | D:5      | Reached XP level 6. HP: 40/56 MP: 6/6
   821 | D:5      | Bought a metallic cyan potion for 22 gold pieces
   821 | D:5      | Bought a scroll labeled VIFESI ROINU for 25 gold pieces
   821 | D:5      | Bought an emerald potion for 22 gold pieces
   821 | D:5      | Bought a scroll labeled FUIREO UQYNOSE for 25 gold pieces
   821 | D:5      | Bought a fuming sapphire potion for 22 gold pieces
   823 | D:5      | Gained mutation: Your body sometimes deteriorates upon taking damage. [potion of mutation]
   823 | D:5      | Gained mutation: You have sharp toenails. [potion of mutation]
   927 | D:6      | Found a shattered altar of Ashenzari.
   953 | D:6      | Noticed an ice beast
   955 | D:6      | Noticed a black bear
   960 | D:6      | Noticed Prince Ribbit
   970 | D:6      | Killed an ice beast
   970 | D:6      | Reached skill level 7 in Axes
   976 | D:6      | Noticed a black bear
   976 | D:6      | Killed a black bear
   976 | D:6      | Reached XP level 7. HP: 39/63 MP: 7/7
   995 | D:6      | Reached skill level 8 in Axes
  1269 | D:6      | Found a bloodstained altar of Trog.
  1286 | D:6      | HP: 1/64 [orc priest/divine providence (11)]
  1286 | D:6      | Slain by an orc

Vault maps used:
D:1:      scummos_arrival_forest
D:2:      makhleb_altar_promises_db, uniq_robin, uniq_crazy_yiuf_cottage
D:3:      first_bread, nicolae_ru_sacrificial_ziggurat, uniq_jessica
D:4:      kennysheep_little_box, nicolae_overflow_hidden_temple, uniq_duvessa
D:5:      tso_oasis_becter, serial_shops, nicolae_shop_overgrown_old_shop,
          uniq_sigmund, uniq_blork_the_orc
D:6:      trog_ov_bears_minmay, cheibrodos_ashenzari_chains, zin_treasury,
          basic_altar, uniq_prince_ribbit1

Skill      XL: |  1  2  3  4  5  6  7 |
---------------+----------------------+-----
Axes           | 3 4 6 7 8 |  8.5
Fighting       | 4 5 6 |  6.5
Armour         | |  3.2
Shields        | |  3.2

Action                   |  1- 3 |  4- 6 |  7- 9 || total
-------------------------+-------+-------+-------++-------
Melee: War axe           |    45 |    68 |    41 ||   154
       Kick              |       |     3 |     3 ||     6
Throw: Javelin           |       |     2 |    10 ||    12
Evoke: Wand              |       |     1 |       ||     1
  Use: Scroll            |       |     2 |       ||     2
       Potion            |       |     1 |     3 ||     4
Armor: Scale mail        |    14 |    39 |     5 ||    58
       Skin              |       |       |    28 ||    28
Dodge: Dodged            |    22 |    20 |    10 ||    52
Block: Shield            |    21 |    28 |    30 ||    79
